 Dungeon Crawl Stone Soup version 0.31-a0-489-g282fc92437 (webtiles) character file.

Game seed: 13896935475018941245

3568 Ethylacetat the Thaumaturge (level 10, -6/58 HPs)
             Began as a Vine Stalker Monk on Aug 7, 2023.
             Was a Believer of Ru.
             Mangled by a death yak (18 damage)
             ... on level 7 of the Dungeon.
             The game lasted 00:22:32 (6468 turns).

Ethylacetat the Thaumaturge (Vine Stalker Monk)     Turns: 6468, Time: 00:22:32

Health: -6/58      AC:  2    Str: 18    XL:     10   Next: 9%
Magic:  0/33       EV: 13    Int: 10    God:    Ru [**....]
Gold:   547        SH:  0    Dex: 17    Spells: 27/27 levels left

rFire   . . .        w - +6 dagger
rCold   . . .        d - orb {light}
rNeg    . . .        b - +0 robe
rPois   .            (no helmet)
rElec   .            e - scarf {shadows}
rCorr   .            (no gloves)
SInv    .            (no boots)
Will    +....        (no amulet)
Stlth   +            s - ring of magical power
HPRegen 1.09/turn    (no ring)
MPRegen 0.23/turn

%: guardian spirit
@: mighty, about to teleport, on berserk cooldown, slowed, glowing, unable to
drink, very slow
A: fangs 3, regeneration 1, magic shield, antimagic bite, no potion heal 2,
hated by all, subdued magic 1, inability to drink after injury 1
a: Renounce Religion


You were on level 7 of the Dungeon.
You worshipped Ru.
Ru was pleased with you.
You visited 1 branch of the dungeon, and saw 8 of its levels.
You also visited: Sewer.

You collected 547 gold pieces.

Inventory:

Hand Weapons
 w - a +6 dagger (weapon)
Armour
 b - a +0 robe (worn)
 d - an orb of light (worn)
 e - a scarf of shadows (worn)
Jewellery
 s - a ring of magical power (left hand)
 y - a ring of positive energy
Wands
 x - a wand of mindburst (8)
Scrolls
 a - 2 scrolls of enchant weapon {unknown}
 h - 7 scrolls of identify {unknown}
 j - 2 scrolls of teleportation
 k - a scroll of silence {unknown}
 m - a scroll of fog {unknown}
 o - 2 scrolls of noise {unknown}
 p - a scroll of summoning {unknown}
 q - 2 scrolls of vulnerability {unknown}
 v - a scroll of revelation {unknown}
Potions
 c - a potion of ambrosia
 f - a potion of enlightenment
 l - 2 potions of attraction
 n - a potion of curing
 r - a potion of berserk rage


   Skills:
 + Level 9.1 Fighting
 - Level 5.1 Axes
 - Level 2.4 Dodging
 + Level 9.3 Spellcasting


You had 27 spell levels left.
You didn't know any spells.
Your spell library contained the following spells:

 Spells                   Type           Power      Damage    Failure   Level
 Sublimation of Blood     Necr           3%         N/A       19%         2
 Petrify                  Tmut/Erth      3%         N/A       78%         4
 Irradiate                Conj/Tmut      1%         3d12      98%         5


Dungeon Overview and Level Annotations

Branches:
Dungeon (8/15)             Temple (0/1) D:6           Sewer (visited)
   Lair: D:8-11

Altars:
Ashenzari
Dithmenos
Nemelex Xobeh
Okawaru
Qazlal
Ru
Trog
Uskayaw

Shops:
D:1 ?   D:3 (


Innate Abilities, Weirdness & Mutations

You have razor-sharp teeth.
Your natural rate of healing is unusually fast.
When hurt, damage is shared between your health and your magic reserves.
Your bite disrupts and absorbs the magic of your enemies.
Potions cannot restore your health.
You are hated by all.
Your spells are a little easier to cast, but a little less powerful.
You occasionally lose the ability to drink potions when taking damage.


Message History

You drain its power.
You feel invigorated.
The death yak is heavily wounded.
The death yak gores you!!
You hear a bellow! x3
You completely miss the death yak. You bite the death yak. You drain its power.
You feel invigorated.
The death yak is severely wounded.
You hit the death yak but do no damage. You bite the death yak.
You drain its power.
The death yak is severely wounded.
A death yak comes into view.
The death yak misses you.
You are no longer berserk.
You are exhausted.
You feel yourself slow down. The death yak closely misses you.
You climb upwards.
There is a stone staircase leading down here.
You hit the death yak. You bite the death yak. You drain its power.
The death yak is severely wounded.
The death yak gores you!!
You puncture the death yak!
The death yak is almost dead.
The death yak gores you!!
You feel threatened and lose the ability to drink potions!
* * * LOW HITPOINT WARNING * * *
The death yak barely misses you.
Okay, then.
As you read the scroll labelled JEITOU YNIE, it crumbles to dust.
You feel strangely unstable.
It was a scroll of teleportation.
The death yak misses you.
Okay, then.
Aiming: Quicksilver Bolt
Press: ? - help, Shift-Dir - straight line, f - death yak
Aim: a death yak (almost dead, poisoned, haloed, 93% to hit)
The bolt of dispelling energy hits the death yak!
The death yak is almost dead.
The now-empty wand crumbles to dust.
The death yak gores you.
* * * LOW HITPOINT WARNING * * *
The death yak gores you!!
You die...

########.###...##...........
≈≈≈≈≈≈#....##...#.....###...
#≈#####≈.....##.........#.#...
#≈#≈≈≈#≈........#.............
#≈#≈_≈#≈........##..#.........
#≈#≈.≈#≈......)..............#
#≈##.##≈#.........#..........#
##≈≈≈.≈≈≈#..[Y†....##..#.......
#............[@........#.......
#.≈≈≈.≈≈≈...))....#............
##≈##.##≈.........#.###........
#≈#≈.≈#≈............##........
#≈#≈_≈#≈............#......#..
#≈#≈≈≈#≈.<....##..............
#≈#####≈......###.......#.....
#≈≈≈≈≈≈≈................#.....
####.................##.....


You could see a death yak (poisoned).

Vanquished Creatures
  A death yak (D:7)
  Sigmund (D:3)
  A shadow (D:8)
  Eustachio (D:4)
  A water moccasin (Sewer)
  4 ogres
  3 centaurs
  4 phantoms
  2 bullfrogs (D:6)
  6 scorpions
  4 wights (D:6)
  2 howler monkeys (D:7)
  2 jellies
  A lava snake (D:7)
  5 orc priests
  A gnoll bouda (D:7)
  A hound (D:6)
  Ijyb (D:5)
  4 iguanas
  2 orc wizards
  2 sleepcaps
  10 gnolls
  6 adders
  A white imp (D:7)
  2 ufetubi
  A worm (D:3)
  2 dart slugs
  6 orcs
  7 ball pythons
  8 bats
  15 endoplasms
  9 giant cockroaches
  5 goblins
  2 hobgoblins (D:1)
  10 jackals (D:1)
  6 kobolds
  5 quokkas
  4 frilled lizards
  6 rats
154 creatures vanquished.

Vanquished Creatures (others)
  A kobold brigand (D:8)
1 creature vanquished.

Grand Total: 155 creatures vanquished

Notes
Turn   | Place    | Note
-------+----------+-------------------------------------------
     0 | D:1      | Ethylacetat the Vine Stalker Monk began the quest for the
                  | Orb.
     0 | D:1      | Reached XP level 1. HP: 11/11 MP: 2/2
     1 | D:1      | Found a runed translucent door.
    13 | D:1      | Reached XP level 2. HP: 14/16 MP: 1/4
    24 | D:1      | Reached skill level 1 in Spellcasting
   193 | D:1      | Reached XP level 3. HP: 18/20 MP: 5/5
   265 | D:1      | Found Cezigeiss's Magic Scroll Emporium.
   487 | D:1      | Found a faded altar of an unknown god.
   487 | D:1      | Noticed a shining eye
   496 | D:1      | Noticed a golden eye
   497 | D:1      | Noticed an eye of devastation
   497 | D:1      | Noticed a shining eye
   502 | D:1      | Prayed at the altar of an unknown god.
   502 | D:1      | Became a worshipper of Ru the Awakened
   514 | D:1      | Gained mutation: You are hated by all. [Ru sacrifice]
   514 | D:1      | Reached * piety under Ru
   514 | D:1      | Reached ** piety under Ru
   839 | D:1      | Gained mutation: Your natural rate of healing is unusually
                  | fast. [Vine Stalker growth]
   839 | D:1      | Reached XP level 4. HP: 17/24 MP: 5/7
  2328 | D:3      | Found a glowing drain.
  2357 | Sewer    | Entered a sewer
  2362 | Sewer    | Reached XP level 5. HP: 29/29 MP: 9/9
  2388 | Sewer    | Noticed a water moccasin
  2398 | Sewer    | Killed a water moccasin
  2507 | D:3      | Found Wibacui's Antique Weapon Shoppe.
  2519 | D:3      | Noticed Sigmund
  2529 | D:3      | Killed Sigmund
  2530 | D:3      | Reached XP level 6. HP: 32/34 MP: 12/12
  2598 | D:3      | Found a hide-covered altar of Uskayaw.
  3003 | D:4      | Reached XP level 7. HP: 27/38 MP: 13/13
  3082 | D:4      | Found a sacrificial altar of Ru.
  3386 | D:4      | Found a broken altar of Ashenzari.
  3402 | D:4      | Noticed Eustachio
  3472 | D:4      | Killed Eustachio
  3473 | D:4      | Reached skill level 5 in Fighting
  3883 | D:5      | Entered Level 5 of the Dungeon
  3905 | D:5      | Noticed Ijyb
  3911 | D:5      | Killed Ijyb
  3912 | D:5      | Reached skill level 5 in Axes
  4019 | D:5      | Found a shadowy altar of Dithmenos.
  4025 | D:5      | Gained mutation: You have razor-sharp teeth. [Vine Stalker
                  | growth]
  4025 | D:5      | Reached XP level 8. HP: 44/44 MP: 16/16
  4146 | D:5      | Reached skill level 5 in Spellcasting
  4630 | D:6      | Found a staircase to the Ecumenical Temple.
  4752 | D:6      | Reached XP level 9. HP: 50/50 MP: 20/20
  5877 | D:7      | Found a bloodstained altar of Trog.
  6082 | D:7      | Found an iron altar of Okawaru.
  6215 | D:7      | Found a stormy altar of Qazlal.
  6215 | D:7      | Found a sparkling altar of Nemelex Xobeh.
  6369 | D:8      | HP: 1/78 [poisoned by a kobold brigand]
  6437 | D:8      | Noticed a death yak
  6437 | D:8      | Noticed a death yak
  6437 | D:8      | Noticed a death yak
  6443 | D:8      | Gained mutation: You occasionally lose the ability to drink
                  | potions when taking damage. [potion of mutation]
  6443 | D:8      | Gained mutation: Your spells are a little easier to cast,
                  | but a little less powerful. [potion of mutation]
  6456 | D:7      | Killed a death yak
  6457 | D:7      | Reached XP level 10. HP: 58/58 MP: 24/24
  6462 | D:8      | Noticed a death yak
  6468 | D:7      | Mangled by a death yak

Illustrated notes

Levels and vault maps discovered:
D:1:      dpeg_arrival_caged_fury, layout_loops_corners, serial_shops, shop,
          hellmonk_ecumenical_altar_watching_god
D:2:      layout_basic
D:3:      layout_basic, nicolae_uskayaw_murder_on_the_dancefloor, serial_shops,
          shop, gup_sewer_entry_glass, minmay_quadrilaterals, uniq_sigmund
D:4:      layout_loops_cross, nicolae_ru_awakened_eye, ashenzari_altar_1,
          serial_glass, glass_columns_c, glass_columns_a,
          minmay_misc_feat_cross, uniq_eustachio
D:5:      layout_rooms, grunt_dithmenos_shadows, uniq_ijyb
D:6:      layout_basic, minmay_temple_entry_ruins, serial_glass,
          glass_columns_a, glass_columns_a, glass_columns_a, glass_columns_b,
          glass_columns_a, glass_columns_c, glass_columns_c, glass_columns_a,
          glass_columns_a, glass_columns_c, glass_columns_a, glass_columns_a,
          glass_columns_a, glass_columns_c
D:7:      layout_cave_pools, kennysheep_mini, lemuel_doored_altar,
          nicolae_overflow_two_pavilions, trog_three_pillars_becter,
          overflow_temple_1_default
D:8:      minmay_the_grid_triangle_9x9_rhombus_full
          [minmay_the_grid_triangle_9x9_dagger,
          minmay_the_grid_triangle_9x9_corruption,
          minmay_the_grid_triangle_9x9_subtriangle,
          minmay_the_grid_triangle_9x9_alien,
          minmay_the_grid_triangle_9x9_steps,
          minmay_the_grid_triangle_9x9_wacky_v,
          minmay_the_grid_triangle_9x9_tough_junction,
          minmay_the_grid_triangle_9x9_prize_center], layout_basic,
          lightli_temple_of_fire, dpeg_lair_monsters

Skill      XL: |  1  2  3  4  5  6  7  8  9 |
---------------+----------------------------+-----
Fighting       | 3 4 5 7 9 |  9.1
Axes           | 3 4 5 |  5.1
Spellcasting   | 1 2 3 4 6 9 |  9.3
Dodging        | |  2.4

Action                     |  1- 3 |  4- 6 |  7- 9 | 10-12 || total
---------------------------+-------+-------+-------+-------++-------
  Melee: Hand axe          |    71 |   116 |    89 |       ||   276
         Bite              |    16 |    33 |   135 |     5 ||   189
         Dagger            |       |       |   211 |     6 ||   217
  Throw: Dart              |       |       |     1 |       ||     1
 Invoke: Sacrifice Love    |     1 |       |       |       ||     1
         Reject Sacrifices |       |       |     2 |       ||     2
  Evoke: Wand              |       |       |     3 |     1 ||     4
    Use: Potion            |       |       |    10 |       ||    10
         Scroll            |       |       |       |     1 ||     1
   Stab: Distracted        |       |       |     1 |       ||     1
 Armour: Robe              |     7 |    15 |    20 |       ||    42
         Skin              |       |       |   104 |       ||   104
  Dodge: Dodged            |    47 |    74 |   192 |     4 ||   317

Table legend: (Time is in decaauts)
 A = Elapsed time spent in this place.
 B = Non-inter-level travel time spent in this place.
 C = Inter-level travel time spent in this place.
 D = Time resting spent in this place.
 E = Time spent auto-exploring this place.
 F = Levels seen in this place.
 G = Mean time per level.
                   A        B        C        D        E       F      G
               +--------+--------+--------+--------+--------+-----+--------+
         Total |   6504 |   6216 |    288 |    117 |   4997 |   9 |  722.7 |
       Dungeon |   6365 |   6077 |    288 |     87 |   4924 |   8 |  795.6 |
         Sewer |    139 |    139 |      0 |     30 |     73 |   1 |  139.0 |
               +--------+--------+--------+--------+--------+-----+--------+

Top non-repeatable levels by time:
     D:6: 1087 daAuts
     D:1: 957 daAuts
     D:3: 955 daAuts
     D:2: 953 daAuts
     D:4: 907 daAuts
     D:7: 894 daAuts
     D:5: 498 daAuts
   Sewer: 139 daAuts
     D:8: 110 daAuts
